 Dungeon Crawl Stone Soup version bcrawl-1.28.1b (webtiles) character file.

Game seed: 15125168349632584026

154174 KristoblXynda the Slasher (level 5, 0/41 HPs)
             Began as a Draconian Skald on Dec 13, 2020.
             Was an Initiate of Ashenzari.
             Slain by a hobgoblin (3 damage)
             ... on level 3 of the Dungeon.
             The game lasted 00:03:27 (2448 turns).

KristoblXynda the Slasher (Draconian Skald)         Turns: 2448, Time: 00:03:27

Health: 0/41       AC:  5    Str: 14    XL:     5   Next: 29%
Magic:  8/8        EV: 13    Int: 14    God:    Ashenzari [......]
Gold:   127        SH:  1    Dex: 10    Spells: 7/8 levels left

rFire    . . .     SeeInvis .   a - +0 long sword
rCold    + . .     Gourm    +   (no shield)
rNeg     . . .     Faith    .   (armour unavailable)
rPois    .         Spirit   .   (helmet restricted)
rElec    .         Reflect  .   (no cloak)
rCorr    .         Harm     .   (no gloves)
MR       .....                  (no boots)
Stlth    +.........             d - amulet of the gourmand
HPRegen  0.13/turn              n - ring of protection from cold (curse)
MPRegen  0.11/turn              (no ring)

@: lethally poisoned (0 -> -9)
A: unfitting armour, cold-blooded, AC +5
a: Curse Item, Renounce Religion


You were on level 3 of the Dungeon.
You worshipped Ashenzari.
Ashenzari was noncommittal.
You were very full.

You visited 1 branch of the dungeon, and saw 3 of its levels.

You collected 127 gold pieces.

Inventory:

Hand Weapons
 a - a +0 long sword (weapon)
Jewellery
 d - an amulet of the gourmand (around neck)
 n - a cursed ring of protection from cold (left hand)
 o - an uncursed amulet of the acrobat
Scrolls
 b - 2 scrolls of amnesia {unknown}
 c - a scroll of fear
 g - a scroll of blinking {unknown}
 k - a scroll of magic mapping {unknown}
 l - a scroll of enchant weapon {unknown}
 p - 2 scrolls of identify
 q - a scroll of teleportation {unknown}
Potions
 f - 2 potions of curing {unknown}
 h - 2 potions of heal wounds {unknown}
 i - a potion of mutation {unknown}
 j - a potion of flight {unknown}
 m - a potion of brilliance {unknown}
Comestibles
 e - 5 rations {!d}
 r - 7 chunks of flesh


   Skills:
 - Level 2.1 Fighting
 * Level 4.2 Long Blades
 + Level 3.1 Dodging
 - Level 2.0 Spellcasting
 + Level 3.5 Charms


You had 7 spell levels left.
You knew the following spells:

 Your Spells              Type           Power        Failure   Level  Hunger
a - Infusion              Chrm           ##......     5%          1    None

Your spell library contained the following spells:

 Spells                   Type           Power        Failure   Level  Hunger
 Song of Slaying          Chrm           ##......     9%          2    ##.....
 Ozocubu's Armour         Chrm/Ice       #.......     34%         3    ####...
 Regeneration             Chrm/Necr      #.........   34%         3    ####...
 Spectral Weapon          Hex/Chrm       #.......     34%         3    ####...


Dungeon Overview and Level Annotations

Branches:
Dungeon (3/12)

Altars:
Ashenzari
Okawaru
Yredelemnul
The Shining One


Innate Abilities, Weirdness & Mutations

Your plain brown scales are hard. (AC +5)
You cannot fit into any form of body armour.
You are cold-blooded and may be slowed by cold attacks.


Message History

* * * LOW HITPOINT WARNING * * *
You are lethally poisoned!
The adder poisons you!
You closely miss the adder.
The adder is almost dead.
* * * LOW HITPOINT WARNING * * *
You feel sick. The adder misses you.
You hit the adder.
The adder is almost dead.
* * * LOW HITPOINT WARNING * * *
You feel sick. You block the adder's attack.
You closely miss the adder.
The adder is almost dead.
* * * LOW HITPOINT WARNING * * *
You feel sick. The adder completely misses you. The adder misses you.
You hit the adder.
You kill the adder!
* * * LOW HITPOINT WARNING * * *
You feel sick. The hobgoblin hits you.
You die...

########### #####
#.....@gK.# #...#
#......#...#+.8.#
#...).÷##...#...#
#...###...'##..#.!.#######
#.. #÷..#.###+.8.'......
#. #...#..#.#..÷###.##. #
..###+##.)#...#...... ....
#..##'.8.#....## ..... ##.
##...#......


You could see a hobgoblin and a kobold.

Vanquished Creatures
  A crimson imp (D:3)
  An orc wizard (D:3)
  A gnoll (D:3)
  3 adders
  An ooze (D:3)
  An adder zombie (D:3)
  2 worms (D:2)
  10 leopard geckos
  4 orcs (D:3)
  2 ball pythons
  A giant cockroach (D:1)
  2 goblins
  9 hobgoblins
  2 jackals
  7 bats
  5 frilled lizards
  7 kobolds
59 creatures vanquished.

Notes
Turn   | Place    | Note
-------+----------+-------------------------------------------
     0 | D:1      | KristoblXynda the Draconian Skald began the quest for the
                  | Orb.
     0 | D:1      | Reached XP level 1. HP: 17/17 MP: 3/3
   133 | D:1      | Found a shattered altar of Ashenzari.
   165 | D:1      | Became a worshipper of Ashenzari the Shackled
   192 | D:1      | Reached XP level 2. HP: 24/24 MP: 5/5
   925 | D:2      | Reached XP level 3. HP: 28/29 MP: 6/6
   991 | D:2      | Found a faded altar of an unknown god.
  1113 | D:2      | Found a glowing golden altar of the Shining One.
  1115 | D:2      | Noticed an angel
  1123 | D:2      | Reached skill level 3 in Long Blades
  1129 | D:2      | Found a basalt altar of Yredelemnul.
  1677 | D:2      | Found an iron altar of Okawaru.
  1853 | D:3      | Reached XP level 4. HP: 29/36 MP: 7/7
  2317 | D:3      | Reached skill level 4 in Long Blades
  2317 | D:3      | Reached XP level 5. HP: 37/41 MP: 8/8
  2448 | D:3      | Slain by a hobgoblin

Skill      XL: |  1  2  3  4 |
---------------+-------------+-----
Charms         | 3 |  3.5
Long Blades    | 3 4 |  4.2
Dodging        | 3 |  3.1
Fighting       | |  2.1
Spellcasting   | |  2.0

Action                   |  1- 3 |  4- 6 || total
-------------------------+-------+-------++-------
Melee: Long sword        |   112 |   111 ||   223
       Tailslap          |    10 |     9 ||    19
 Stab: Sleeping          |     2 |       ||     2
  Eat: Chunk             |     9 |    10 ||    19
Armor: Skin              |    39 |    50 ||    89
Dodge: Dodged            |    79 |   101 ||   180
Block: Other             |       |     3 ||     3
